 Dungeon Crawl Stone Soup version 0.26.1 (webtiles) character file.

Game seed: 4080195860232629402

578 Gauvater the Firebug (level 7, -2/41 HPs)
             Began as an Octopode Fire Elementalist on Feb 5, 2021.
             Slain by an ice beast (12 damage)
             ... on level 5 of the Dungeon.
             The game lasted 00:23:54 (5151 turns).

Gauvater the Firebug (Octopode Fire Elementalist)   Turns: 5151, Time: 00:23:54

Health: -2/41      AC:  1    Str:  7    XL:     7   Next: 35%
Magic:  8/13       EV: 14    Int: 19    God:
Gold:   259        SH:  0    Dex: 13    Spells: 13/14 levels left

rFire    . . .     SeeInvis .   o - +1 dagger (drain)
rCold    . . .     Faith    .   (no shield)
rNeg     . . .     Spirit   .   (helmet restricted)
rPois    .         Reflect  .   (no amulet)
rElec    .         Harm     .   i - ring of willpower
rCorr    +         Rampage  .   k - ring of resist corrosion
Will     +....                  n - ring of stealth
Stlth    +++++.....             l - ring of resist corrosion
HPRegen  0.13/turn              (no ring)
MPRegen  0.13/turn              (no ring)
                                (no ring)
                                (no ring)

@: no status effects
A: almost no armour, stealthy swim, amphibious, 8 rings, constrict 8, camouflage
1, gelatinous body 1
a: no special abilities


You were on level 5 of the Dungeon.
You visited 1 branch of the dungeon, and saw 5 of its levels.

You collected 259 gold pieces.

Inventory:

Hand Weapons
 o - a +1 dagger of draining (weapon)
Missiles
 c - 3 javelins
 q - 28 bolts
 r - 102 stones
 u - 8 boomerangs
 v - 16 poisoned darts
Jewellery
 i - a ring of willpower (left tentacle)
 k - a ring of resist corrosion (right tentacle)
 l - a ring of resist corrosion (on tentacle)
 n - a ring of stealth (on tentacle)
Scrolls
 a - a scroll of blinking {unknown}
 d - a scroll of amnesia
 f - a scroll of remove curse {unknown}
 g - 8 scrolls of identify {unknown}
 h - 3 scrolls of teleportation {unknown}
 j - 3 scrolls of enchant weapon {unknown}
 w - a scroll of enchant armour {unknown}
Potions
 s - 2 potions of curing
 t - 2 potions of degeneration {unknown}


   Skills:
 + Level 0.3 Fighting
 + Level 1.4 Short Blades
 + Level 3.2 Dodging
 + Level 4.4 Stealth
 * Level 4.2 Spellcasting
 + Level 3.1 Conjurations
 + Level 4.7 Fire Magic


You had 13 spell levels left.
You knew the following spells:

 Your Spells              Type           Power        Failure   Level
a - Foxfire               Conj/Fire      76%          2%          1

Your spell library contained the following spells:

 Spells                   Type           Power        Failure   Level
 Conjure Flame            Conj/Fire      19%          8%          3
 Inner Flame              Hex/Fire       13%          16%         3
 Sticky Flame             Conj/Fire      19%          26%         4
 Fireball                 Conj/Fire      9%           58%         5


Dungeon Overview and Level Annotations

Branches:
Dungeon (5/15)
 Temple: D:4-7

Altars:
Gozag
The Shining One

Annotations:
D:3 Sigmund


Innate Abilities, Weirdness & Mutations

You cannot wear most types of armour.
You are very stealthy in the water. (Stealth+)
You are amphibious.
You can wear up to eight rings at the same time.
You can use your tentacles to constrict eight enemies at once.
Your skin changes colour to match your surroundings (Stealth+).
Your rubbery body absorbs attacks. (AC +1, EV +1)


Message History

The foxfire hits the ice beast but does no damage.
The ice beast is lightly wounded.
The foxfire hits the ice beast.
The ice beast melts!
The ice beast is moderately wounded.
Casting: Foxfire (safe; 2% risk of failure)
Confirm with . or Enter, or press ? or * to list all spells.
You conjure some foxfire!
The ice beast barely misses you.
You barely miss the ice beast.
The ice beast is moderately wounded.
The foxfire hits the ice beast but does no damage.
The ice beast is moderately wounded.
The foxfire hits the ice beast!
The ice beast melts!
The ice beast is severely wounded.
The ice beast misses you.
Casting: Foxfire (safe; 2% risk of failure)
Confirm with . or Enter, or press ? or * to list all spells.
You conjure some foxfire!
The ice beast hits you.
* * * LOW HITPOINT WARNING * * *
The ice beast freezes you!
You die...

##... ..##....#
.........#
.........#
.........#
...........######
..........v§....#
.... #....v@.# ## #
...$###...Y..# .#.##
#.......#..#......
###....##.##......
.####...)...<.....≈#
.........#.......≈..
.........#........≈.
.................≈..
.......##.#...#...≈#


You could see an ice beast.

Vanquished Creatures
  An ogre (D:5)
  A bullfrog (D:2)
  A scorpion (D:4)
  An orc priest (D:4)
  3 orc wizards (D:3)
  A bullfrog skeleton (D:5)
  An iguana (D:4)
  3 worker ants (D:4)
  A worker ant zombie (D:2)
  A howler monkey skeleton (D:5)
  3 adders
  An ooze (D:1)
  2 worms (D:2)
  2 dart slugs (D:1)
  2 leopard geckos
  13 orcs
  6 bats
  3 giant cockroaches
  5 goblins
  8 hobgoblins
  4 jackals (D:1)
  A quokka (D:4)
  A ball python (D:2)
  5 frilled lizards
  5 kobolds
  A leopard gecko skeleton (D:5)
  6 rats
82 creatures vanquished.

Vanquished Creatures (others)
  249 foxfires
249 creatures vanquished.

Grand Total: 331 creatures vanquished

Notes
Turn   | Place    | Note
-------+----------+-------------------------------------------
     0 | D:1      | Gauvater the Octopode Fire Elementalist began the quest for
                  | the Orb.
     0 | D:1      | Reached XP level 1. HP: 11/11 MP: 3/3
   202 | D:1      | Reached XP level 2. HP: 17/17 MP: 3/5
   864 | D:1      | Reached XP level 3. HP: 21/21 MP: 4/6
  1798 | D:2      | Reached XP level 4. HP: 27/27 MP: 1/7
  2035 | D:2      | Noticed a bullfrog
  2042 | D:2      | Killed a bullfrog
  2043 | D:2      | Reached XP level 5. HP: 20/31 MP: 5/9
  2956 | D:3      | Noticed Sigmund
  3237 | D:3      | Reached XP level 6. HP: 30/36 MP: 4/10
  3688 | D:4      | Found an opulent altar of Gozag.
  3720 | D:4      | Reached skill level 1 in Short Blades
  4025 | D:4      | HP: 1/36 [orc priest/divine providence (12)]
  4729 | D:4      | Found a glowing golden altar of the Shining One.
  4754 | D:5      | Entered Level 5 of the Dungeon
  4764 | D:5      | Reached XP level 7. HP: 41/41 MP: 8/12
  5139 | D:5      | HP: 2/41 [ice beast (12)]
  5151 | D:5      | Slain by an ice beast

Illustrated notes

Levels and vault maps discovered:
D:1:      elethiomel_arrival_fortress_basement, layout_loops_ring
D:2:      layout_basic
D:3:      layout_rooms, gammafunk_temple_overflow_statue, serial_forest,
          infiniplex_forest_straight_5, infiniplex_forest_side_room,
          infiniplex_forest_zigzag_2, infiniplex_forest_clump_double,
          infiniplex_forest_corner_2, infiniplex_forest_straight_2,
          infiniplex_forest_clump_tiny, infiniplex_forest_lined_room_2,
          uniq_sigmund
D:4:      layout_rooms, tso_altar, grunt_gozag_statues
D:5:      layout_cave_pools, kennysheep_little_box, nicolae_ru_path_of_blood,
          serial_column_ruins, column_ruins_columns_straight,
          column_ruins_columns_corner, column_ruins_corridor_dead_end,
          column_ruins_open_medium, uniq_ijyb

Skill      XL: |  1  2  3  4  5  6  7 |
---------------+----------------------+-----
Stealth        | 3 4 |  4.4
Fire Magic     | 4 |  4.7
Spellcasting   | 3 4 |  4.2
Conjurations   | 2 3 |  3.1
Short Blades   | 1 |  1.4
Dodging        | 3 |  3.2
Fighting       | |  0.3

Action                   |  1- 3 |  4- 6 |  7- 9 || total
-------------------------+-------+-------+-------++-------
Melee: Unarmed           |     8 |       |       ||     8
       Constrict         |     3 |    12 |     1 ||    16
       Tentacles         |     3 |     7 |     1 ||    11
       Dagger            |       |    56 |     9 ||    65
 Cast: Foxfire           |    58 |    68 |    15 ||   141
  Use: Potion            |       |     3 |     7 ||    10
       Scroll            |       |     1 |       ||     1
 Stab: Sleeping          |       |     3 |       ||     3
Armor: Skin              |     3 |    14 |     2 ||    19
Dodge: Dodged            |    28 |    43 |    21 ||    92
